Map: Pola Śmierci

Players

Razy

  • Race: Protoss Protoss

Gracz

  • Race: Zerg Zerg

Acacar - Winner!

  • Race: Protoss Protoss

RaVeN - Winner!

  • Race: Zerg Zerg

VOD

Have the link to the VOD?

Description

Time

  • Played on: Feb. 29, 2016, 1:05 p.m.
  • Length: 7:12
Show
View Real Time Build Order
Export as new Build Order

Razy Protoss 

Build Orders:  

Get SALT Encoding   

  12  0:02  Probe (Chrono Boost)  
  13  0:24  Probe (Chrono Boost)  
  13  0:25  Pylon  
  14  0:34  Probe (Chrono Boost)  
  15  0:48  Gateway  
  15  0:53  Assimilator  
  15  0:55  Assimilator  
  14  1:40  Gateway  
  14  1:43  Cybernetics Core  
  14  2:00  Gateway  
  14  2:03  Pylon  
  14  2:07  Pylon  
  14  2:10  Pylon  
  14  2:13  Gateway  
  14  2:21  Probe (Chrono Boost)  
  15  2:31  Probe (Chrono Boost)  
  16  2:37  Warp Gate (Chrono Boost)  
  16  2:42  Probe (Chrono Boost)  
  17  3:07  Probe  
  18  3:29  Twilight Council  
  18  3:40  Pylon  
  18  3:49  Probe  
  19  4:01  Zealot x2 (Chrono Boost)  
  19  4:02  Zealot x2 (Chrono Boost)  
  15  4:20  Probe  
  5  5:05  Pylon  
  5  5:07  Probe  
  6  5:15  Zealot (Chrono Boost)  
  6  5:19  Probe  
  7  5:28  Pylon  
  5  5:31  Probe  
  4  5:43  Probe  
  4  5:55  Probe  
Show
View Real Time Build Order
Export as new Build Order

Gracz Zerg 

Build Orders: Pool First 

Get SALT Encoding   

  12  0:07  Drone  
  12  0:11  Drone  
  14  0:18  Overlord  
  14  0:28  Extractor  
  14  0:29  Drone  
  14  0:54  Drone  
  14  0:55  Drone  
  16  0:58  Spawning Pool  
  15  1:46  Zergling x6  
  18  1:47  Metabolic Boost  
  18  2:02  Queen  
  18  2:06  Hatchery  
  16  3:10  Zergling x4  
  16  3:11  Zergling x2  
  19  3:15  Extractor  
  19  3:19  Evolution Chamber  
  17  3:31  Roach Warren  
  16  3:44  Zergling x6  
  15  4:15  Zergling x4  
  15  4:17  Zergling x6  
  15  5:14  Zergling x6  
  17  5:15  Drone x3  
  17  5:47  Zergling x4  
  17  5:48  Zergling x2  
  17  5:49  Zergling x6  
  7  6:41  Zergling x6  
  7  6:42  Zergling x6  
  12  6:52  Zergling x2  
Show
View Real Time Build Order
Export as new Build Order

Acacar Protoss - Winner!

Build Orders:  

Get SALT Encoding   

  12  0:02  Probe (Chrono Boost)  
  13  0:23  Pylon  
  13  0:44  Gateway  
  13  0:48  Gateway  
  13  0:56  Gateway  
  13  1:09  Assimilator  
  13  1:13  Assimilator  
  13  1:29  Pylon  
  13  1:49  Cybernetics Core  
  13  1:57  Zealot x3  
  19  2:09  Probe (Chrono Boost)  
  20  2:19  Probe (Chrono Boost)  
  21  2:30  Probe (Chrono Boost)  
  22  2:48  Stalker x2  
  26  2:52  Sentry  
  28  3:09  Warp Gate  
  28  3:30  Stalker  
  30  3:49  Pylon  
  30  4:07  Stalker x2  
  30  4:45  Stalker x3  
  28  5:15  Stalker  
  30  5:37  Pylon  
  28  6:17  Stalker x2  
  28  6:18  Stalker  
  26  6:47  Stalker x2  
  28  6:50  Stalker  
Show
View Real Time Build Order
Export as new Build Order

RaVeN Zerg - Winner!

Build Orders: Pool First 

Get SALT Encoding   

  12  0:09  Overlord  
  12  0:39  Spawning Pool  
  12  0:40  Drone  
  12  0:42  Drone x2  
  14  0:59  Extractor, Drone  
  14  1:08  Drone  
  15  1:15  Drone  
  16  1:25  Overlord  
  16  1:36  Zergling x2  
  17  1:51  Drone  
  18  1:59  Zergling x2  
  19  2:18  Queen  
  19  2:20  Zergling x4  
  23  2:27  Metabolic Boost  
  23  2:31  Hatchery  
  20  2:51  Zergling x6  
  23  3:03  Evolution Chamber  
  22  3:05  Spore Crawler  
  21  3:15  Zergling x4  
  23  3:25  Pneumatized Carapace  
  23  3:28  Drone  
  24  3:45  Zergling x2  
  25  3:56  Drone x2  
  26  4:19  Zergling x4  
  28  4:25  Spine Crawler  
  28  4:28  Drone x3  
  26  4:46  Zerg Ground Armor Level 1  
  26  4:50  Zergling x10  
  28  5:01  Spore Crawler  
  28  5:03  Extractor  
  28  5:04  Drone x2  
  28  5:05  Drone  
  27  5:12  Zergling x4  
  29  5:22  Baneling Nest  
  28  5:29  Extractor  
  28  5:35  Drone x2  
  28  5:49  Zergling x6  
  28  6:18  Zergling x6  
  31  6:23  Zergling x4  
  31  6:24  Zergling x2  
  32  6:49  Zergling x4  
  34  6:57  Hatchery  
Tags
 
Add a new tag
Caveats
  • Supply blocks, unpowered buildings, or Contaminate may cause inaccurate times.
  • Supply counts are checked every 10 seconds.